 Dungeon Crawl Stone Soup version 0.31-a0-188-g5e087ee2ca (webtiles) character file.

Game seed: 5982331060643151742

119 Ijustatesigmund the Stinger (level 5, -1/33 HPs)
             Began as an Octopode Venom Mage on June 23, 2023.
             Slain by Ijyb
             ... wielding a +0 club
              (5 damage)
             ... while paralysed by Ijyb
             ... on level 3 of the Dungeon.
             The game lasted 00:04:45 (2592 turns).

Ijustatesigmund the Stinger (Octopode Venom Mage)   Turns: 2592, Time: 00:04:45

Health: -1/33      AC:  1    Str:  7    XL:     5   Next: 3%
Magic:  7/9        EV:  2    Int: 19    God:
Gold:   125        SH:  0    Dex: 13    Spells: 3/9 levels left

rFire   . . .        d - +1 mace
rCold   . . .        (no shield)
rNeg    + . .        (helmet restricted)
rPois   .            (no amulet)
rElec   .            l - ring of positive energy
rCorr   .            (no ring)
SInv    .            (no ring)
Will    .....        (no ring)
Stlth   +++          (no ring)
HPRegen 0.25/turn    (no ring)
MPRegen 0.11/turn    (no ring)
                     (no ring)

%: no passive effects
@: paralysed, invisible
A: almost no armour, amphibious, 8 rings, camouflage 1, gelatinous body 1,
(nimble swimmer 1), tentacles
a: no special abilities


You were on level 3 of the Dungeon.
You visited 1 branch of the dungeon, and saw 4 of its levels.

You collected 125 gold pieces.

Inventory:

Hand Weapons
 d - a +1 mace (weapon)
Missiles
 c - a throwing net
Magical Staves
 j - a staff of air
Jewellery
 l - a ring of positive energy (left tentacle)
Wands
 n - a wand of mindburst (17)
Scrolls
 h - a scroll of teleportation
Potions
 a - a potion of magic
 b - 2 potions of invisibility
 g - a potion of attraction {unknown}
 k - a potion of curing {unknown}


   Skills:
 - Level 1.5 Fighting
 - Level 2.0 Dodging
 - Level 2.6 Stealth
 + Level 2.9 Spellcasting
 + Level 1.1 Conjurations
 - Level 1.0 Transmutations
 + Level 1.6 Air Magic
 + Level 4.6 Poison Magic
 + Level 0.2 Evocations


You had 3 spell levels left.
You knew the following spells:

 Your Spells              Type           Power      Damage    Failure   Level
a - Sting                 Tmut/Pois      52%        1d5       4%          1
b - Poisonous Vapours     Pois/Air       28%        N/A       6%          2
c - Mephitic Cloud        Conj/Pois/Air  12%        N/A       17%         3

Your spell library contained the following spells:

 Spells                   Type           Power      Damage    Failure   Level
 Summon Small Mammal      Summ           8%         N/A       16%         1
 Call Canine Familiar     Summ           2%         N/A       43%         3
 Frozen Ramparts          Ice            4%         1d1       43%         3
 Summon Guardian Golem    Hex/Summ       2%         N/A       43%         3
 Olgreb's Toxic Radiance  Pois           20%        N/A       22%         4
 Ice Form                 Ice/Tmut       4%         N/A       77%         4
 Cause Fear               Hex            1%         N/A       83%         4
 Summon Ice Beast         Ice/Summ       2%         N/A       83%         4
 Dragon Form              Tmut           3%         N/A       100%        7
 Dragon's Call            Summ           1%         N/A       100%        9


Dungeon Overview and Level Annotations

Branches:
Dungeon (4/15)
 Temple: D:4-7

Altars:

Annotations:
D:3 Ijyb


Innate Abilities, Weirdness & Mutations

You cannot wear most types of armour.
You are amphibious.
You can wear up to eight rings at the same time.
Your skin changes colour to match your surroundings (Stealth+).
Your rubbery body absorbs attacks. (AC +1, EV +1)
((You are camouflaged when in or above water. (Stealth+)))
You have tentacles for arms and can constrict up to eight enemies at once.


Message History

Casting: Sting (safe; 4% risk of failure)
Confirm with . or Enter, or press ? or * to list all spells.
Aiming: Poisonous Vapours (safe; 6% risk of failure)
Press: ? - help, Dir - move target, f - Ijyb
Aim: Ijyb, wielding a +0 club, wearing a +0 leather armour and carrying a wand of paralysis (5) (asleep) Poisonous vapours surround Ijyb!
Ijyb is poisoned.
Ijyb misses you.
You hit Ijyb. You grab Ijyb.
Ijyb is moderately wounded.
You constrict Ijyb.
Ijyb zaps a wand.
You resist with some effort.
You barely miss Ijyb.
Ijyb is moderately wounded.
You constrict Ijyb, but do no damage.
Ijyb zaps a wand.
You suddenly lose the ability to move!
You lose your grip on Ijyb.
Ijyb hits you with a +0 club. x4
You can move again.
Aiming: Mindburst
Press: ? - help, Shift-Dir - straight line, f/p - Ijyb
Aim: Ijyb, wielding a +0 club, wearing a +0 leather armour and carrying a wand of paralysis (3) (heavily wounded, poisoned, chance to affect: 72%) Ijyb struggles to resist.
Ijyb barely misses you.
Aiming: Mindburst
Press: ? - help, Shift-Dir - straight line, f/p - Ijyb
Aim: Ijyb, wielding a +0 club, wearing a +0 leather armour and carrying a wand of paralysis (3) (heavily wounded, poisoned, chance to affect: 72%) Ijyb struggles to resist.
Ijyb looks more healthy.
Ijyb hits you with a +0 club!
Casting: Poisonous Vapours (safe; 6% risk of failure)
Confirm with . or Enter, or press ? or * to list all spells.
Aiming: Sting (safe; 4% risk of failure)
Press: ? - help, Shift-Dir - straight line, f/p - Ijyb
Aim: Ijyb, wielding a +0 club, wearing a +0 leather armour and carrying a wand of paralysis (3) (heavily wounded, 64% to hit)
The sting misses Ijyb.
Ijyb closely misses you.
You fade into invisibility!
Ijyb zaps a wand.
You suddenly lose the ability to move!
Ijyb hits you with a +0 club!
* * * LOW HITPOINT WARNING * * *
Ijyb hits you with a +0 club.
* * * LOW HITPOINT WARNING * * *
Ijyb zaps a wand.
You resist with some effort. Ijyb hits you with a +0 club.
You die...

### ....
###..#####
.........#######
#..g@.......#
#####.#####. #.#
#.# #.# #.# #.#
#.# #.#


You could see Ijyb (unable to see you).

Vanquished Creatures
  An orc priest (D:4)
  An orc wizard (D:4)
  4 adders
  2 orcs (D:4)
  4 endoplasms (D:1)
  3 giant cockroaches
  2 goblins
  4 hobgoblins
  3 ball pythons
  A frilled lizard (D:2)
  4 rats
29 creatures vanquished.

Notes
Turn   | Place    | Note
-------+----------+-------------------------------------------
     0 | D:1      | Ijustatesigmund the Octopode Venom Mage began the quest for
                  | the Orb.
     0 | D:1      | Reached XP level 1. HP: 11/11 MP: 3/3
   622 | D:1      | Reached XP level 2. HP: 18/18 MP: 1/5
   629 | D:1      | Learned a level 2 spell: Poisonous Vapours
   775 | D:1      | Reached skill level 1 in Fighting
  1112 | D:2      | Reached skill level 4 in Poison Magic
  1148 | D:2      | You fall into a shaft and drop 2 floors!
  1580 | D:4      | Reached skill level 1 in Air Magic
  1580 | D:4      | Reached XP level 3. HP: 18/23 MP: 2/6
  1619 | D:4      | Learned a level 3 spell: Mephitic Cloud
  1662 | D:4      | Reached XP level 4. HP: 11/28 MP: 3/8
  1962 | D:3      | Reached skill level 1 in Conjurations
  2318 | D:2      | Reached XP level 5. HP: 32/33 MP: 6/9
  2576 | D:3      | Noticed Ijyb
  2580 | D:3      | Paralysed by Ijyb for 5 turns
  2588 | D:3      | Paralysed by Ijyb for 5 turns
  2592 | D:3      | Slain by Ijyb

Illustrated notes

Levels and vault maps discovered:
D:1:      kilobyte_arrival_exit_the_forest, layout_loops_ring, chequers_jeans
D:2:      layout_rooms
D:3:      layout_loops_ring, shapermc_ecumenical_altar_pompeii,
          grunt_ministairs_12, uniq_ijyb
D:4:      layout_basic, serial_shops, nicolae_shop_mannequins

Skill      XL: |  1  2  3  4 |
---------------+-------------+-----
Fighting       | 1 |  1.5
Poison Magic   | 4 |  4.6
Air Magic      | 1 |  1.6
Conjurations   | 1 |  1.1
Dodging        | |  2.0
Stealth        | |  2.6
Spellcasting   | |  2.9
Transmutations | |  1.0
Evocations     | |  0.2

Action                     |  1- 3 |  4- 6 || total
---------------------------+-------+-------++-------
  Melee: Unarmed           |     2 |       ||     2
         Mace              |    27 |    18 ||    45
         Tentacles         |     5 |     5 ||    10
         Constrict         |     4 |     5 ||     9
   Cast: Sting             |    14 |     2 ||    16
         Poisonous Vapours |    11 |     9 ||    20
  Evoke: Wand              |       |     2 ||     2
    Use: Potion            |     1 |     1 ||     2
         Scroll            |       |     6 ||     6
   Stab: Sleeping          |     2 |       ||     2
 Armour: Skin              |     2 |       ||     2
  Dodge: Dodged            |    16 |    15 ||    31

Table legend: (Time is in decaauts)
 A = Elapsed time spent in this place.
 B = Non-inter-level travel time spent in this place.
 C = Inter-level travel time spent in this place.
 D = Time resting spent in this place.
 E = Time spent auto-exploring this place.
 F = Levels seen in this place.
 G = Mean time per level.
                   A        B        C        D        E       F      G
               +--------+--------+--------+--------+--------+-----+--------+
         Total |   2607 |   2540 |     67 |    762 |   1439 |   4 |  651.8 |
       Dungeon |   2607 |   2540 |     67 |    762 |   1439 |   4 |  651.8 |
               +--------+--------+--------+--------+--------+-----+--------+

Top non-repeatable levels by time:
     D:1: 1104 daAuts
     D:4: 814 daAuts
     D:2: 549 daAuts
     D:3: 139 daAuts
